AoeStats
← Pandoo

Nomad

504895023Analyzed
2v2 RM · 27d ago on Sep 7, 2026· 30m 15s· 4 players
Game mode
Random Map
Map size
176×176
Population
200
Speed
Normal
Resources
Standard
Victory
Conquest
Starting age
Dark Age
Ending age
Imperial Age
RankedLock teamsTeams togetherTeam positionsShared explorationLock speedFull tech treeHidden civsTurbo modeCheats
Victory
Defeat
🇦🇷 Italians · Argentina
1105
+17
🇦🇷 Vietnamese · Argentina
1102
+17
🇺🇸 Japanese · United States
1146
-18
🇦🇷 Burgundians · Argentina
1096
-16
Doraso Troncoso de Elite
3:43 Loom
13:54 Feudal Age
19:58 Castle Age
18:57 Fletching
19:19 Forging
19:11 Padded Archer Armor
21:08 Crossbowman
21:59 Pikeman
23:53 Squires
28:47 Ballistics
29:29 Murder Holes
Patovic
3:31 Loom
13:56 Feudal Age
17:55 Castle Age
16:30 Stone Mining
17:06 Fletching
20:46 Wheelbarrow
22:28 Double-Bit Axe
24:54 Horse Collar
26:29 Town Watch
27:48 Hand Cart
28:07 Bow Saw
28:21 Gold Mining
30:41 Bodkin Arrow
diegolinsc
3:42 Loom
5:44 Double-Bit Axe
14:15 Fishing Lines
16:12 Feudal Age
14:27 Fishing Lines
15:20 Gold Mining
16:58 Gillnets
18:17 Bow Saw
20:25 Gold Shaft Mining
22:12 Castle Age
20:57 Scale Barding Armor
22:46 Forging
22:20 Cavalier
26:02 Wheelbarrow
25:49 Husbandry
27:07 Two-Man Saw
27:55 Hand Cart
Pandoo
7:33 Loom
12:27 Feudal Age
14:46 Double-Bit Axe
18:12 Wheelbarrow
20:43 Castle Age
22:25 Coinage
22:14 Town Watch
27:04 Hand Cart
Connection lost

Rejoining the realm…

Still unreachable

The connection could not be restored.

Session expired

The server has moved on; the page needs a fresh start.